Workbook

Sheet Development Cost
B1: Assume desingn takes one to two years
D3: Design | J3: Prototyping
B4: Employees: | H4: Materials: | L4: =SUM(L5:L8) -> 75
C5: Prof Brown | E5: 0 | I5: Polymer pieces | L5: 5
C6: Grad Students | E6: 0 | F6: ?? | I6: Washable fabric covers | L6: 50
C7: Ugrad (me) | E7: 0 | I7: Nonslip bottom | L7: 10
I8: Plastic base | L8: 10
B9: Software:
C10: CAD | E10: 0 | H10: Manufacturing: | L10: =SUM(L11:L14) -> 150
I11: Polymer pieces | L11: 0 | M11: (already have equipment)
B12: Machines: | I12: Washable fabric covers | L12: 50 | M12: (custom orders) | O12: 0 | P12: (by hand)
C13: 3D Printers | E13: 0 | I13: Nonslip bottom | L13: 50
C14: Press | E14: 0 | I14: Plastic base | L14: 50
H16: Buying externally: | L16: =SUM(L17:L18) -> 30
I17: Cooling gel insert | L17: 30
I18: Heating pad insert | L18: -
H20: Testing:
D21: Seat sensor device | I21: Groups | L21: 50
B22: Senior Design Project
C23: Labor | E23: 0 | H23: Cost per prototype | L23: =SUM(L4,L10,L16,L21) -> 305
C24: Parts budget | E24: 500 | H24: Estimated # of prototypes per product: | L24: 5
H25: Estimated # of products | L25: 10
H26: Total estimate | L26: =L24*L25 -> 50
H27: Total cost | L27: =L23*L26 -> 15250

Sheet Future Costs
B4: Rent annually | I4: Production | Q4: Distribution
C5: Industrial | E5: =12*2000 -> 24000 | J5: Capital Equipment | M5: =SUM(M6:M9) -> 3200 | R5: Direct
C6: Office | E6: 0 | K6: 3D printers | M6: 3000 | S6: Website annually | U6: 500
B7: Utilities annually | E7: =SUM(E8:E11) -> 4860 | K7: Sewing machines | M7: 200 | S7: Packaging per 100 | U7: 100
C8: Electricity | E8: =12*250 -> 3000 | K8: Cutting templates | M8: 0 | S8: Shipping per 100 | U8: paid by customer
C9: Water | E9: =12*30 -> 360 | K9: Scissors | M9: 0 | R9: In person
C10: Gas | E10: =12*65 -> 780 | J10: Parts cost per 100 products | S10: Packaging | U10: 100
C11: Wifi | E11: =12*60 -> 720 | K11: Polymer mechanisms | M11: 100 | S11: Shipping average per retailer | U11: 500
B12: Insurance annually | H12: sum materials | I12: - cover | K12: Glue? | M12: 200 | S12: Space | U12: 300
C13: Property | E13: =12*63 -> 756 | H13: =SUM(M11:M15) -> 650 | I13: =H13-300 -> 350 | K13: Cover fabric | M13: 300 | S13: Their cut per 100 | T13: 0.3 | U13: 1500
B14: Lawyer | K14: Nonslip bottom | M14: 50 | R14: eRetatiler
B15: Accountant | K15: Interior fabric | M15: 0 | S15: Packaging | U15: 100
B16: Advertising and Marketing | E16: 90000 | H16: sum outsourced | I16: + cover | K16: Plastic base | M16: 300 | N16: (outsourced) | S16: Shipping | U16: 500
B17: Customer Service | E17: =40000 -> 40000 | H17: =SUM(M16:M17) -> 600 | I17: =H17+200 -> 800 | K17: Cooling gel insert | M17: 300 | N17: (outsourced) | S17: Cost to sell | U17: 300
B18: Web Development | E18: 30000 | K18: Heating pad insert | M18: - | S18: Their cut per 100 | T18: 0.15 | U18: 750
J19: Labor cost annually
K20: Sewing | M20: 60000
K21: Assembly | M21: 60000
J23: =(H13+H17)/100 -> 12.5
H24: Total cost per product | J24: =(I13+I17)/100 -> 11.5

Sheet Revenue Streams
B4: Sales | E4: US Pop. | F4: % that might buy | G4: Market population
C5: Cost per product | E5: 50
C6: Pot. back injury cust. | E6: 2000000 | F6: 0.1 | G6: =E6*F6 -> 200000
C7: Pot. Wheelchair cust. | E7: 3000000 | F7: 0.1 | G7: =E7*F7 -> 300000
C8: Truckers | E8: 3500000 | F8: 0.4 | G8: =E8*F8 -> 1400000
C9: Office workers | E9: 100000000 | F9: 0.01 | G9: =E9*F9 -> 1000000
C10: Pregnant women | E10: 6000000 | F10: 0.05 | G10: =E10*F10 -> 300000
C11: Senior citizens | E11: 50000000 | F11: 0.02 | G11: =E11*F11 -> 1000000
C12: Hemmoroids | E12: 3000000 | F12: 0.15 | G12: =E12*F12 -> 450000
C13: Sciatica | E13: 13000000 | F13: 0.1 | G13: =E13*F13 -> 1300000
E15: Total market pop. | G15: =SUM(G6:G13) -> 5950000
E16: Market size | G16: =E5*G15 -> 297500000
E17: Growth factor | G17: 1.063
C19: Year | D19: 0 | E19: 1 | F19: 2 | G19: 3 | H19: 4 | I19: 5
C20: Market size | D20: =G16 -> 297500000 | E20: =D20*$G$17 -> 316242500 | F20: =E20*$G$17 -> 3.3616578e+08 | G20: =F20*$G$17 -> 3.5734422e+08 | H20: =G20*$G$17 -> 3.7985691e+08 | I20: =H20*$G$17 -> 4.0378789e+08
C21: # cust. | D21: =D20/$E$5 -> 5950000 | E21: =E20/$E$5 -> 6324850 | F21: =F20/$E$5 -> 6723315.5 | G21: =G20/$E$5 -> 7146884.4 | H21: =H20/$E$5 -> 7597138.1 | I21: =I20/$E$5 -> 8075757.9
C22: Adoption rate | D22: 0 | E22: 0.0002 | F22: 0.001 | G22: 0.0025 | H22: 0.005 | I22: 0.0085
C23: Units sold | D23: 0 | E23: =E21*E22 -> 1264.97 | F23: =F21*F22 -> 6723.3156 | G23: =G21*G22 -> 17867.211 | H23: =H21*H22 -> 37985.691 | I23: =I21*I22 -> 68643.942
C24: Revenue | D24: =G16*D22 -> 0 | E24: =E20*E22 -> 63248.5 | F24: =F20*F22 -> 336165.78 | G24: =G20*G22 -> 893360.55 | H24: =H20*H22 -> 1899284.5 | I24: =I20*I22 -> 3432197.1
B26: Investors
B30: Loans

Sheet Strategy
B2: Seend funding depends on how much necessary to develop product
B3: Series A funding depends on how much necessary to start operations
B4: Series B funding for expanding operations like creating new products or expanding to new markets
B5: Series C funding for potential future business strategies
C8: Later ideas:
D9: Outsource fabric cover manufacturing
D10: Lumbar pillows
D11: Heating pads and cold packs
D12: Sell outside USA
D13: Custom cushions
C15: Potential uses | J15: Product line up: | L15: Small, medium, and large sizes of everything based on weight
D16: Tall cushions for short people | J16: Tall cushions for short people
D17: Driving | J17: Car-seat sized
D18: Office chair and gaming | J18: Office chair sized
D19: Sciatica | J19: Donut for hemmorroids
D20: Hemmoroids | J20: Coccyx cut out
D21: Sore coccyx | J21: Especially soft for senior citizens and bony butts
D22: Neck/back pain | J22: A little firmer with sloping legs for posture
D23: Wheelchair | J23: Small and light for travelers
D24: Pregnant | J24: Bike saddle style for sciatica
D25: Post-op
D26: Senior citizens
D27: Frequent travelers

Sheet Five-year Analysis
A1: *fixed
A2: :G&A | B2: Including break-even point
A3: "variable | E3: Design pillow lumbar and heat pad
A4: \sales | D4: Design | E4: Opening | F4: Outsource outer fabric | H4: Start developing custom cushions
B5: Year | D5: 0 | E5: 1 | F5: 2 | G5: 3 | H5: 4 | I5: 5
B6: Costs
A7: * | C7: Design and prototyping | D7: ='Development Cost'!L27 -> 15250 | E7: 10000 | F7: 3000 | G7: 2000 | H7: 10000 | I7: 10000
A8: * | C8: Rent | D8: 0 | E8: 18000 | F8: =E8 -> 18000 | G8: 26000 | H8: =G8 -> 26000 | I8: =H8 -> 26000
A9: " | C9: Utilities | D9: 0 | E9: ='Future Costs'!E7 -> 4860 | F9: 5000 | G9: 10000 | H9: 12000 | I9: 14000
A10: * | C10: Insurance | D10: 0 | E10: ='Future Costs'!E13 -> 756 | F10: =E10 -> 756 | G10: 900 | H10: =G10 -> 900 | I10: =H10 -> 900
A11: \ | C11: Marketing & Ads | D11: 0 | E11: 15000 | F11: 25000 | G11: 45000 | H11: 60000 | I11: 80000
A12: \ | C12: Customer Service | D12: 0 | E12: 5000 | F12: 10000 | G12: 40000 | H12: 55000 | I12: 75000
A13: : | C13: Web development | D13: 0 | E13: 3000 | F13: 1000 | G13: 1000 | H13: 1000 | I13: 1000
A14: * | C14: Capital Equipment | D14: 0 | E14: ='Future Costs'!M5 -> 3200 | F14: 1000 | G14: 8000 | H14: 1000 | I14: 1000
C15: Materials | D15: 0 | E15: ='Future Costs'!$H$13*'Revenue Streams'!E23/100 -> 8222.305 | F15: ='Future Costs'!$I$13*'Revenue Streams'!F23/100 -> 23531.604 | G15: ='Future Costs'!$I$13*'Revenue Streams'!G23/100 -> 62535.239 | H15: ='Future Costs'!$I$13*'Revenue Streams'!H23/100 -> 132949.92 | I15: ='Future Costs'!$I$13*'Revenue Streams'!I23/100 -> 240253.8
C16: Outsourced parts | D16: 0 | E16: ='Future Costs'!$H$17*'Revenue Streams'!E23/100 -> 7589.82 | F16: ='Future Costs'!$I$17*'Revenue Streams'!F23/100 -> 53786.524 | G16: ='Future Costs'!$I$17*'Revenue Streams'!G23/100 -> 142937.69 | H16: ='Future Costs'!$I$17*'Revenue Streams'!H23/100 -> 303885.53 | I16: ='Future Costs'!$I$17*'Revenue Streams'!I23/100 -> 549151.53
C17: Assembly labor | D17: 0 | E17: 15000 | F17: 30000 | G17: 40000 | H17: 80000 | I17: 100000
A18: : | C18: Patents | D18: 0 | E18: 2000 | F18: 10000 | G18: 2000 | H18: 10000 | I18: 10000
A19: : | C19: Travel | D19: 0 | E19: 5000 | F19: 5000 | G19: 5000 | H19: 5000 | I19: 5000
A20: \ | C20: Testimonials | D20: 0 | E20: 6000 | F20: 3000 | G20: 0 | H20: 0 | I20: 0
A21: \ | C21: Clinical trials? | D21: 0 | E21: 10000 | F21: 60000 | G21: 60000 | H21: 20000 | I21: 0
A22: : | C22: Founders' salary | D22: 0 | E22: 120000 | F22: 150000 | G22: 180000 | H22: 200000 | I22: 200000
A23: \ | C23: Sales' salary | D23: 0 | E23: 30000 | F23: 60000 | G23: 120000 | H23: 120000 | I23: 180000
C25: Total | D25: =SUM(D7:D24) -> 15250 | E25: =SUM(E7:E24) -> 263628.12 | F25: =SUM(F7:F24) -> 459074.13 | G25: =SUM(G7:G24) -> 745372.93 | H25: =SUM(H7:H24) -> 1037735.4 | I25: =SUM(I7:I24) -> 1492305.3
B27: Revenue
C28: Sales | D28: 0 | E28: ='Revenue Streams'!E24 -> 63248.5 | F28: ='Revenue Streams'!F24 -> 336165.78 | G28: ='Revenue Streams'!G24 -> 893360.55 | H28: ='Revenue Streams'!H24 -> 1899284.5 | I28: ='Revenue Streams'!I24 -> 3432197.1
C29: After taxes and fees | D29: 0 | E29: =E28*0.8 -> 50598.8 | F29: =F28*0.8 -> 268932.62 | G29: =G28*0.8 -> 714688.44 | H29: =H28*0.8 -> 1519427.6 | I29: =I28*0.8 -> 2745757.7
B31: Annual total | D31: =D28-D25 -> -15250 | E31: =E29-E25 -> -213029.33 | F31: =F29-F25 -> -190141.51 | G31: =G29-G25 -> -30684.484 | H31: =H29-H25 -> 481692.19 | I31: =I29-I25 -> 1253452.3
B32: Overall Total | D32: =D31 -> -15250 | E32: =D32+E31 -> -228279.33 | F32: =E32+F31 -> -418420.83 | G32: =F32+G31 -> -449105.32 | H32: =G32+H31 -> 32586.87 | I32: =H32+I31 -> 1286039.2
B35: Investment goals
C36: Seed | D36: 10000
C37: Series A (after yr 0) | D37: 150000
C38: Series B (after yr 1) | D38: 150000
C39: Series C (yr 4) | D39: 100000

Sheet Financial Statements
B2: To include income statement, cash flow statement, and balance sheet
A4: Seated Solutions
A6: =TODAY() -> 44834
A7: Key Assumptions
A8: Blue numbers are simply sums of the numbers above them.
A9: Green numbers are calculated, based upon results elsewhere in the statements.
B11: Year 0 | C11: Year 1 | D11: Year 2 | E11: Year 3 | F11: Year 4 | G11: Year 5
A12: Units sold | B12: 0 | C12: ='Revenue Streams'!E23 -> 1264.97 | D12: ='Revenue Streams'!F23 -> 6723.3156 | E12: ='Revenue Streams'!G23 -> 17867.211 | F12: ='Revenue Streams'!H23 -> 37985.691 | G12: ='Revenue Streams'!I23 -> 68643.942
A13: Avg Selling Price | B13: 50 | C13: ='Revenue Streams'!E5 -> 50 | D13: =C13 -> 50 | E13: =D13 -> 50 | F13: =E13 -> 50 | G13: =F13 -> 50
A14: Material Cost per unit | B14: ='Development Cost'!L4+'Development Cost'!L16 -> 105 | C14: ='Future Costs'!J24 -> 11.5 | D14: =C14 -> 11.5 | E14: 10 | F14: =E14 -> 10 | G14: =F14 -> 10
A15: Direct Labor cost per unit | B15: ='Development Cost'!L10+'Development Cost'!L21 -> 200 | C15: 13 | D15: 10 | E15: 8 | F15: 8 | G15: 8
A16: Variable Overhead per unit | B16: 0 | C16: 1.15 | D16: =C16 -> 1.15 | E16: =D16 -> 1.15 | F16: =E16 -> 1.15 | G16: =F16 -> 1.15
A17: Depreciation | B17: 0 | C17: =C62 -> 640 | D17: =D61*(1/D23) -> 840 | E17: =E61*(1/E23) -> 2440 | F17: =F61*(1/F23) -> 2640 | G17: =G61*(1/G23) -> 2840
A18: Other Fixed Overheads | B18: 0 | C18: ='Five-year Analysis'!E7+'Five-year Analysis'!E8+'Five-year Analysis'!E10+'Five-year Analysis'!E14 -> 31956 | D18: ='Five-year Analysis'!F7+'Five-year Analysis'!F8+'Five-year Analysis'!F10+'Five-year Analysis'!F14 -> 22756 | E18: ='Five-year Analysis'!G7+'Five-year Analysis'!G8+'Five-year Analysis'!G10+'Five-year Analysis'!G14 -> 36900 | F18: ='Five-year Analysis'!H7+'Five-year Analysis'!H8+'Five-year Analysis'!H10+'Five-year Analysis'!H14 -> 37900 | G18: ='Five-year Analysis'!I7+'Five-year Analysis'!I8+'Five-year Analysis'!I10+'Five-year Analysis'!I14 -> 37900
A19: Days Sales Outstanding | B19: 30 | C19: 30 | D19: 30 | E19: 30 | F19: 30 | G19: 30
A20: Inventory Days | B20: 25 | C20: 25 | D20: 25 | E20: 25 | F20: 25 | G20: 25
A21: Days Payable Outstanding | B21: 25 | C21: 25 | D21: 25 | E21: 25 | F21: 25 | G21: 25
A22: Taxes Payable
A23: Depreciation Period (years) | B23: 5 | C23: 5 | D23: 5 | E23: 5 | F23: 5 | G23: 5
A24: Tax Rate | B24: 0.08 | C24: 0.08 | D24: 0.08 | E24: 0.08 | F24: 0.08 | G24: 0.08
A25: Interest Rate | B25: 0.1 | C25: 0.1 | D25: 0.1 | E25: 0.1 | F25: 0.1 | G25: 0.1
A26: Employee Headcount | B26: 2 | C26: 4 | D26: 4 | E26: 5 | F26: 7 | G26: 9
A28: Income Statement:
B29: Year 0 | C29: Year 1 | D29: Year 2 | E29: Year 3 | F29: Year 4 | G29: Year 5
A31: Sales | B31: 400000 | C31: =C12*C13 -> 63248.5 | D31: =D12*D13 -> 336165.78 | E31: =E12*E13 -> 893360.55 | F31: =F12*F13 -> 1899284.5 | G31: =G12*G13 -> 3432197.1
A32: CGS:
A33: Material | B33: =B14*'Development Cost'!L26 -> 5250 | C33: =C12*C14 -> 14547.155 | D33: =D12*D14 -> 77318.129 | E33: =E12*E14 -> 178672.11 | F33: =F12*F14 -> 379856.91 | G33: =G12*G14 -> 686439.42
A34: Direct labor | B34: =B15*'Development Cost'!L26 -> 10000 | C34: =+C15*C12 -> 16444.61 | D34: =+D15*D12 -> 67233.156 | E34: =+E15*E12 -> 142937.69 | F34: =+F15*F12 -> 303885.53 | G34: =+G15*G12 -> 549151.53
A35: Variable Overhead | B35: =+B16*B12 -> 0 | C35: =+C16*C12 -> 1454.7155 | D35: =+D16*D12 -> 7731.8129 | E35: =+E16*E12 -> 20547.293 | F35: =+F16*F12 -> 43683.544 | G35: =+G16*G12 -> 78940.533
A36: Fixed Overhead | B36: =B17+B18 -> 0 | C36: =C17+C18 -> 32596 | D36: =D17+D18 -> 23596 | E36: =E17+E18 -> 39340 | F36: =F17+F18 -> 40540 | G36: =G17+G18 -> 40740
A37: Total CGS | B37: =SUM(B33:B36) -> 15250 | C37: =SUM(C33:C36) -> 65042.48 | D37: =SUM(D33:D36) -> 175879.1 | E37: =SUM(E33:E36) -> 381497.09 | F37: =SUM(F33:F36) -> 767965.98 | G37: =SUM(G33:G36) -> 1355271.5
A38: Gross Margin | B38: =B31-B37 -> 384750 | C38: =C31-C37 -> -1793.9805 | D38: =D31-D37 -> 160286.68 | E38: =E31-E37 -> 511863.46 | F38: =F31-F37 -> 1131318.6 | G38: =G31-G37 -> 2076925.6
A40: Sales & Marketing | B40: 0 | C40: ='Five-year Analysis'!E11+'Five-year Analysis'!E12+'Five-year Analysis'!E20+'Five-year Analysis'!E21+'Five-year Analysis'!E23 -> 66000 | D40: ='Five-year Analysis'!F11+'Five-year Analysis'!F12+'Five-year Analysis'!F20+'Five-year Analysis'!F21+'Five-year Analysis'!F23 -> 158000 | E40: ='Five-year Analysis'!G11+'Five-year Analysis'!G12+'Five-year Analysis'!G20+'Five-year Analysis'!G21+'Five-year Analysis'!G23 -> 265000 | F40: ='Five-year Analysis'!H11+'Five-year Analysis'!H12+'Five-year Analysis'!H20+'Five-year Analysis'!H21+'Five-year Analysis'!H23 -> 255000 | G40: ='Five-year Analysis'!I11+'Five-year Analysis'!I12+'Five-year Analysis'!I20+'Five-year Analysis'!I21+'Five-year Analysis'!I23 -> 335000
A41: G&A | B41: 0 | C41: ='Five-year Analysis'!E13+'Five-year Analysis'!E18+'Five-year Analysis'!E19+'Five-year Analysis'!E22 -> 130000 | D41: ='Five-year Analysis'!F13+'Five-year Analysis'!F18+'Five-year Analysis'!F19+'Five-year Analysis'!F22 -> 166000 | E41: ='Five-year Analysis'!G13+'Five-year Analysis'!G18+'Five-year Analysis'!G19+'Five-year Analysis'!G22 -> 188000 | F41: ='Five-year Analysis'!H13+'Five-year Analysis'!H18+'Five-year Analysis'!H19+'Five-year Analysis'!H22 -> 216000 | G41: ='Five-year Analysis'!I13+'Five-year Analysis'!I18+'Five-year Analysis'!I19+'Five-year Analysis'!I22 -> 216000
A43: (EBIT) Operating Profit | B43: =B38-B40-B41 -> 384750 | C43: =C38-C40-C41 -> -197793.98 | D43: =D38-D40-D41 -> -163713.32 | E43: =E38-E40-E41 -> 58863.462 | F43: =F38-F40-F41 -> 660318.56 | G43: =G38-G40-G41 -> 1525925.6
A44: Interest Expense | C44: 4982 | D44: 1993 | E44: 0 | F44: 0 | G44: 0
A46: Pretax Income | B46: =B43-B44 -> 384750 | C46: =C43-C44 -> -202775.98 | D46: =D43-D44 -> -165706.32 | E46: =E43-E44 -> 58863.462 | F46: =F43-F44 -> 660318.56 | G46: =G43-G44 -> 1525925.6
A48: Tax Provision | B48: =B46*B24 -> 30780 | C48: =C46*C24 -> -16222.078 | D48: =D46*D24 -> -13256.506 | E48: =E46*E24 -> 4709.0769 | F48: =F46*F24 -> 52825.485 | G48: =G46*G24 -> 122074.05
A50: Net Income | B50: =B46-B48 -> 353970 | C50: =C46-C48 -> -186553.9 | D50: =D46-D48 -> -152449.81 | E50: =E46-E48 -> 54154.385 | F50: =F46-F48 -> 607493.07 | G50: =G46-G48 -> 1403851.6
A52: Balance Sheet
B53: Year 0 | C53: Year 1 | D53: Year 2 | E53: Year 3 | F53: Year 4 | G53: Year 5
A55: Cash | B55: =B59-B58-B57-B56 -> 841807.08 | C55: =C59-C58-C57-C56 -> 344787.82 | D55: =D59-D58-D57-D56 -> 128574.99 | E55: =E59-E58-E57-E56 -> 41424.194 | F55: =F59-F58-F57-F56 -> 386737.96 | G55: =G59-G58-G57-G56 -> 1394821.1
A56: A/R | B56: =B31/6 -> 66666.667 | C56: =C31/6 -> 10541.417 | D56: =D31/6 -> 56027.63 | E56: =E31/6 -> 148893.43 | F56: =F31/6 -> 316547.42 | G56: =G31/6 -> 572032.85
A57: Inventory | B57: 0 | C57: =C37/3 -> 21680.827 | D57: =D37/3 -> 58626.366 | E57: =E37/3 -> 127165.7 | F57: =F37/3 -> 255988.66 | G57: =G37/3 -> 451757.16
A58: Other C/A | B58: 0 | C58: 0 | D58: 55 | E58: 60 | F58: 65 | G58: 65
A59: Total C/A | B59: =B65-B63 -> 908473.75 | C59: =C65-C63 -> 377010.07 | D59: =D65-D63 -> 243283.99 | E59: =E65-E63 -> 317543.32 | F59: =F65-F63 -> 959339.04 | G59: =G65-G63 -> 2418676.1
A61: Fixed Assets | B61: 0 | C61: ='Future Costs'!M5 -> 3200 | D61: =C61+'Five-year Analysis'!F14 -> 4200 | E61: =D61+'Five-year Analysis'!G14 -> 12200 | F61: =E61+'Five-year Analysis'!H14 -> 13200 | G61: =F61+'Five-year Analysis'!I14 -> 14200
A62: Acc Depreciation | B62: 0 | C62: =C61*(1/C23)+B62 -> 640 | D62: =D61*(1/D23)+C62 -> 1480 | E62: =E61*(1/E23)+D62 -> 3920 | F62: =F61*(1/F23)+E62 -> 6560 | G62: =G61*(1/G23)+F62 -> 9400
A63: Net Fixed Assets | B63: =B61-B62 -> 0 | C63: =C61-C62 -> 2560 | D63: =D61-D62 -> 2720 | E63: =E61-E62 -> 8280 | F63: =F61-F62 -> 6640 | G63: =G61-G62 -> 4800
A65: Total Assets | B65: =B84 -> 908473.75 | C65: =C84 -> 379570.07 | D65: =D84 -> 246003.99 | E65: =E84 -> 325823.32 | F65: =F84 -> 965979.04 | G65: =G84 -> 2423476.1
A67: Liabilities & Equity:
A68: Notes payable
A69: Current Portion LTD | B69: 0 | C69: 0 | D69: =[1]Amortization!I17 -> 0 | E69: =[1]Amortization!I18 -> 0 | F69: =[1]Amortization!I19 -> 0 | G69: 0
A70: Accounts Payable | B70: =B33*0.125 -> 656.25 | C70: =C33*0.125 -> 1818.3944 | D70: =D33*0.125 -> 9664.7661 | E70: =E33*0.125 -> 22334.014 | F70: =F33*0.125 -> 47482.113 | G70: =G33*0.125 -> 85804.927
A71: Accrued Expenses | B71: =(B40+B41)/12 -> 0 | C71: =(C40+C41)/12 -> 16333.333 | D71: =(D40+D41)/12 -> 27000 | E71: =(E40+E41)/12 -> 37750 | F71: =(F40+F41)/12 -> 39250 | G71: =(G40+G41)/12 -> 45916.667
A72: Accrued Taxes | B72: =B48*0.125 -> 3847.5 | C72: =C48*0.125 -> -2027.7598 | D72: =D48*0.125 -> -1657.0632 | E72: =E48*0.125 -> 588.63462 | F72: =F48*0.125 -> 6603.1856 | G72: =G48*0.125 -> 15259.256
A73: Total C/L | B73: =SUM(B68:B72) -> 4503.75 | C73: =SUM(C68:C72) -> 16123.968 | D73: =SUM(D68:D72) -> 35007.703 | E73: =SUM(E68:E72) -> 60672.648 | F73: =SUM(F68:F72) -> 93335.299 | G73: =SUM(G68:G72) -> 146980.85
A75: LTD | B75: 0 | C75: 0 | D75: 0 | E75: 0 | F75: 0 | G75: 0
A76: S/E:
A77: Preferred Stock | B77: 0 | C77: 0 | D77: 0 | E77: 0 | F77: 0 | G77: 0
A79: Capital Stock | B79: 550000 | C79: 550000 | D79: 550000 | E79: 550000 | F79: 550000 | G79: 550000
A80: Current Year Dividends | B80: 0 | C80: 0 | D80: 0 | E80: 0 | F80: 0 | G80: 0
A81: Retained Earnings | B81: =B50+B80 -> 353970 | C81: =C50+C80 -> -186553.9 | D81: =C81+D80+D50 -> -339003.72 | E81: =D81+E80+E50 -> -284849.33 | F81: =E81+F80+F50 -> 322643.74 | G81: =F81+G80+G50 -> 1726495.3
A82: Total Equity | B82: =SUM(B79:B81) -> 903970 | C82: =SUM(C79:C81) -> 363446.1 | D82: =SUM(D79:D81) -> 210996.28 | E82: =SUM(E79:E81) -> 265150.67 | F82: =SUM(F79:F81) -> 872643.74 | G82: =SUM(G79:G81) -> 2276495.3
A84: Total Liab & S/E | B84: =SUM(B82)+B75+B73 -> 908473.75 | C84: =SUM(C82)+C75+C73 -> 379570.07 | D84: =SUM(D82)+D75+D73 -> 246003.99 | E84: =SUM(E82)+E75+E73 -> 325823.32 | F84: =SUM(F82)+F75+F73 -> 965979.04 | G84: =SUM(G82)+G75+G73 -> 2423476.1
A86: Cash Flow:
B87: Year 0 | C87: Year 1 | D87: Year 2 | E87: Year 3 | F87: Year 4 | G87: Year 5
A89: Net Income | B89: =B81-0 -> 353970 | C89: =C81-B81 -> -540523.9 | D89: =D81-C81 -> -152449.81 | E89: =E81-D81 -> 54154.385 | F89: =F81-E81 -> 607493.07 | G89: =G81-F81 -> 1403851.6
A90: Depreciation | B90: =B62 -> 0 | C90: =C62-B62 -> 640 | D90: =D62-C62 -> 840 | E90: =E62-D62 -> 2440 | F90: =F62-E62 -> 2640 | G90: =G62-F62 -> 2840
B91: =SUM(B89:B90) -> 353970 | C91: =SUM(C89:C90) -> -539883.9 | D91: =SUM(D89:D90) -> -151609.81 | E91: =SUM(E89:E90) -> 56594.385 | F91: =SUM(F89:F90) -> 610133.07 | G91: =SUM(G89:G90) -> 1406691.6
A92: Change in W/C:
A93: A/R | B93: =-B56 -> -66666.667 | C93: =-C56+B56 -> 56125.25 | D93: =-D56+C56 -> -45486.213 | E93: =-E56+D56 -> -92865.796 | F93: =-F56+E56 -> -167654 | G93: =-G56+F56 -> -255485.42
A94: Inventory | B94: =-B57 -> 0 | C94: =-C57+B57 -> -21680.827 | D94: =-D57+C57 -> -36945.539 | E94: =-E57+D57 -> -68539.332 | F94: =-F57+E57 -> -128822.96 | G94: =-G57+F57 -> -195768.5
A95: Prepaid Exp | B95: =-B58 -> 0 | C95: =-C58+B58 -> 0 | D95: =-D58+C58 -> -55 | E95: =-E58+D58 -> -5 | F95: =-F58+E58 -> -5 | G95: =-G58+F58 -> 0
A96: A/P | B96: =B70 -> 656.25 | C96: =C70-B70 -> 1162.1444 | D96: =D70-C70 -> 7846.3717 | E96: =E70-D70 -> 12669.248 | F96: =F70-E70 -> 25148.1 | G96: =G70-F70 -> 38322.814
A97: Accr Liabilities | B97: =B71 -> 0 | C97: =C71-B71 -> 16333.333 | D97: =D71-C71 -> 10666.667 | E97: =E71-D71 -> 10750 | F97: =F71-E71 -> 1500 | G97: =G71-F71 -> 6666.6667
A98: Accr Taxes | B98: =B72 -> 3847.5 | C98: =C72-B72 -> -5875.2598 | D98: =D72-C72 -> 370.69661 | E98: =E72-D72 -> 2245.6978 | F98: =F72-E72 -> 6014.551 | G98: =G72-F72 -> 8656.0704
A100: Cash Flow from Oper | B100: =SUM(B91:B99) -> 291807.08 | C100: =SUM(C91:C99) -> -493819.26 | D100: =SUM(D91:D99) -> -215212.83 | E100: =SUM(E91:E99) -> -79150.797 | F100: =SUM(F91:F99) -> 346313.77 | G100: =SUM(G91:G99) -> 1009083.2
A102: Financing /Investing Act.
A103: Fixed Asset Purchases | B103: =-B61 -> 0 | C103: =-C61+B61 -> -3200 | D103: =-D61+C61 -> -1000 | E103: =-E61+D61 -> -8000 | F103: =-F61+E61 -> -1000 | G103: =-G61+F61 -> -1000
A104: Sale of Stock | B104: 550000 | C104: 0 | D104: 0 | E104: 0 | F104: =F79+F80-E79-E80 -> 0 | G104: =G79+G80-F79-F80 -> 0
A105: Dividends | B105: =+B80 -> 0 | C105: =+C80 -> 0 | D105: =+D80 -> 0 | E105: =+E80 -> 0 | F105: =+F80 -> 0 | G105: =+G80 -> 0
A106: Bank Borrow (Repay) | B106: =B75+B69 -> 0 | C106: =C75+C69-B75-B69 -> 0 | D106: =D75+D69-C75-C69 -> 0 | E106: =E75+E69-D75-D69 -> 0 | F106: =F75+F69-E75-E69 -> 0 | G106: =G75+G69-F75-F69 -> 0
A108: Net Financing/Inv Act. | B108: =SUM(B103:B107) -> 550000 | C108: =SUM(C103:C107) -> -3200 | D108: =SUM(D103:D107) -> -1000 | E108: =SUM(E103:E107) -> -8000 | F108: =SUM(F103:F107) -> -1000 | G108: =SUM(G103:G107) -> -1000
A110: Cash Flow | B110: =B100+B108 -> 841807.08 | C110: =C100+C108 -> -497019.26 | D110: =D100+D108 -> -216212.83 | E110: =E100+E108 -> -87150.797 | F110: =F100+F108 -> 345313.77 | G110: =G100+G108 -> 1008083.2
A112: Cash Beginning | B112: 0 | C112: =B55 -> 841807.08 | D112: =C55 -> 344787.82 | E112: =D55 -> 128574.99 | F112: =E55 -> 41424.194 | G112: =F55 -> 386737.96
A113: Cash Ending | B113: =B110+B112 -> 841807.08 | C113: =C110+C112 -> 344787.82 | D113: =D110+D112 -> 128574.99 | E113: =E110+E112 -> 41424.194 | F113: =F110+F112 -> 386737.96 | G113: =G110+G112 -> 1394821.1
